NYP
ABERDEEN IRONBIRDS @ CONNECTICUT TIGERS
09/11/2046
 
TOP OF THE 1ST
Aberdeen Ironbirds batting - Pitching for Connecticut Tigers : RHP Rich Nunez
Pitching: RHP Rich Nunez
Batting: RHB Jeremy Sipe 0-0: Foul Ball, location: 2F
0-1: Ball
1-1: Ball
2-1: Swinging Strike
2-2: Fly out, F8 (Flyball, 8RXD, EV 96.9 MPH)
Batting: LHB Tomas de Zeeuw 0-0: Swinging Strike
0-1: SOLO HOME RUN (Flyball, 89XD, EV 101.9 MPH), Distance : 427 ft
Batting: RHB Dave Perron 0-0: Called Strike
0-1: Swinging Strike
0-2: Fly out, F4 (Line Drive, 4M, EV 72.5 MPH)
Batting: RHB Daniel Jackson 0-0: Called Strike
0-1: Ball
1-1: Ball
2-1: Foul Ball, location: 2F
2-2: Strikes out swinging
Top of the 1st over - 1 run, 1 hit, 0 errors, 0 left on base; Aberdeen 1 - Connecticut 0
BOTTOM OF THE 1ST
Connecticut Tigers batting - Pitching for Aberdeen Ironbirds : LHP Luis Perez
Pitching: LHP Luis Perez
Batting: RHB Emil Wilbrink 0-0: Ball
1-0: Called Strike
1-1: Ground out 6-3 (Groundball, 6, EV 108.1 MPH)
Batting: RHB Omar del Pino 0-0: Called Strike
0-1: Foul Ball, location: 2F
0-2: Ball
1-2: Ball
2-2: Foul Ball, location: 2F
2-2: Ground out 6-3 (Groundball, 6, EV 97.5 MPH)
Batting: RHB Tony Soto 0-0: Swinging Strike
0-1: Ball
1-1: Foul Ball, location: 2F
1-2: Foul Ball, location: 2F
1-2: Ball
2-2: Strikes out swinging
Bottom of the 1st over - 0 runs, 0 hits, 0 errors, 0 left on base; Aberdeen 1 - Connecticut 0
TOP OF THE 2ND
Aberdeen Ironbirds batting - Pitching for Connecticut Tigers : RHP Rich Nunez
Batting: RHB Matt O'Dea 0-0: Swinging Strike
0-1: Called Strike
0-2: Strikes out looking
Batting: RHB Danny Baeza 0-0: Ball
1-0: Ball
2-0: Swinging Strike
2-1: Ground out 3-1 (Groundball, 34S, EV 81.9 MPH)
Batting: RHB Ray Sims 0-0: Called Strike
0-1: Ball
1-1: Foul Ball, location: 2F
1-2: Ball
2-2: Fly out, F9 (Line Drive, 9LS, EV 91.9 MPH)
Top of the 2nd over - 0 runs, 0 hits, 0 errors, 0 left on base; Aberdeen 1 - Connecticut 0
BOTTOM OF THE 2ND
Connecticut Tigers batting - Pitching for Aberdeen Ironbirds : LHP Luis Perez
Batting: RHB Gerald de Vries 0-0: Ball
1-0: Swinging Strike
1-1: Ball
2-1: Foul Ball, location: 2F
2-2: Ball
3-2: Strikes out swinging
Batting: LHB Claudio Kamminga 0-0: Ball
1-0: Ball
2-0: Called Strike
2-1: Foul Ball, location: 2F
2-2: Foul Ball, location: 2F
2-2: Strikes out looking
Batting: RHB Jeremiah Washington 0-0: Ball
1-0: Fly out, F3 (Popup, 3S, EV 72.5 MPH)
Bottom of the 2nd over - 0 runs, 0 hits, 0 errors, 0 left on base; Aberdeen 1 - Connecticut 0
TOP OF THE 3RD
Aberdeen Ironbirds batting - Pitching for Connecticut Tigers : RHP Rich Nunez
Batting: RHB Tony Godley 0-0: Foul Ball, location: 2F
0-1: Foul Ball, location: 2F
0-2: Ball
1-2: Foul Ball, location: 2F
1-2: Ground out 5-3 (Groundball, 56S, EV 80.0 MPH)
Batting: RHB Matt Berrier 0-0: Ball
1-0: Foul Ball, location: 2F
1-1: Ball
2-1: Ball
3-1: Swinging Strike
3-2: Foul Ball, location: 2F
3-2: Base on Balls
Batting: RHB Jeremy Sipe 0-0: Ball
1-0: Called Strike
1-1: Called Strike
1-2: Ball
2-2: Fly out, F8 (Line Drive, 8LD, EV 100.0 MPH)
Batting: LHB Tomas de Zeeuw 0-0: Called Strike
0-1: Ground out 4-3 (Groundball, 4, EV 89.4 MPH)
Top of the 3rd over - 0 runs, 0 hits, 0 errors, 1 left on base; Aberdeen 1 - Connecticut 0
BOTTOM OF THE 3RD
Connecticut Tigers batting - Pitching for Aberdeen Ironbirds : LHP Luis Perez
Batting: RHB Brandon Everett 0-0: Ball
1-0: SINGLE (Groundball, 6MD, EV 105.6 MPH)
Batting: RHB Orlando Blanco 0-0: Called Strike
0-1: Called Strike
0-2: Strikes out swinging
Batting: LHB Tokugoro Adachi 0-0: Fly out, F5 (Line Drive, 56, EV 68.8 MPH)
Batting: RHB Emil Wilbrink 0-0: Ball
1-0: Foul Ball, location: 2F
1-1: Foul Ball, location: 2F
1-2: Ball
2-2: Fielders Choice at 2nd, 5-4 (Groundball, 56, EV 91.2 MPH)
Bottom of the 3rd over - 0 runs, 1 hit, 0 errors, 1 left on base; Aberdeen 1 - Connecticut 0
TOP OF THE 4TH
Aberdeen Ironbirds batting - Pitching for Connecticut Tigers : RHP Rich Nunez
Batting: RHB Dave Perron 0-0: Called Strike
0-1: Foul Ball, location: 2F
0-2: DOUBLE (Line Drive, 3D, EV 98.1 MPH)
Batting: RHB Daniel Jackson 0-0: Called Strike
0-1: Ball
1-1: Ball
2-1: DOUBLE (Line Drive, 7LD, EV 111.2 MPH)
Dave Perron scores
Batting: RHB Matt O'Dea 0-0: Foul Ball, location: 2F
0-1: Swinging Strike
0-2: Strikes out looking
Batting: RHB Danny Baeza 0-0: Foul Ball, location: 2F
0-1: Called Strike
0-2: Ball
1-2: Strikes out swinging
Batting: RHB Ray Sims 0-0: Swinging Strike
0-1: Ball
1-1: Ball
2-1: Ground out 3-1 (Groundball, 34S, EV 90.6 MPH)
Top of the 4th over - 1 run, 2 hits, 0 errors, 1 left on base; Aberdeen 2 - Connecticut 0
BOTTOM OF THE 4TH
Connecticut Tigers batting - Pitching for Aberdeen Ironbirds : LHP Luis Perez
Batting: RHB Omar del Pino 0-0: Ball
1-0: Called Strike
1-1: Called Strike
1-2: Strikes out swinging
Batting: RHB Tony Soto 0-0: Ball
1-0: Swinging Strike
1-1: Foul Ball, location: 2F
1-2: Strikes out swinging
Batting: RHB Gerald de Vries 0-0: Called Strike
0-1: Ball
1-1: Ball
2-1: Ball
3-1: Swinging Strike
3-2: Base on Balls
Batting: LHB Claudio Kamminga 0-0: Ball
1-0: Called Strike
1-1: Foul Ball, location: 2F
1-2: Strikes out swinging
Bottom of the 4th over - 0 runs, 0 hits, 0 errors, 1 left on base; Aberdeen 2 - Connecticut 0
TOP OF THE 5TH
Aberdeen Ironbirds batting - Pitching for Connecticut Tigers : RHP Rich Nunez
Batting: RHB Tony Godley 0-0: Ball
1-0: Ground out U3 (Groundball, 34S, EV 66.9 MPH)
Batting: RHB Matt Berrier 0-0: Called Strike
0-1: Foul Ball, location: 2F
0-2: Ball
1-2: Ball
2-2: Strikes out swinging
Batting: RHB Jeremy Sipe 0-0: Foul Ball, location: 2F
0-1: Foul Ball, location: 2F
0-2: Ball
1-2: Strikes out looking
Top of the 5th over - 0 runs, 0 hits, 0 errors, 0 left on base; Aberdeen 2 - Connecticut 0
BOTTOM OF THE 5TH
Connecticut Tigers batting - Pitching for Aberdeen Ironbirds : LHP Luis Perez
Batting: RHB Jeremiah Washington 0-0: Called Strike
0-1: Ball
1-1: Ball
2-1: Reached on error, E3 (Groundball, 34, EV 96.2 MPH)
Batting: RHB Brandon Everett 0-0: Called Strike
0-1: Called Strike
0-2: Strikes out swinging
Batting: RHB Orlando Blanco 0-0: Ball
1-0: Foul Ball, location: 2F
1-1: Ball
2-1: Called Strike
2-2: Ball
Wild Pitch!
Jeremiah Washington to second
3-2: Strikes out swinging
Batting: LHB Tokugoro Adachi 0-0: Called Strike
0-1: Foul Ball, location: 2F
0-2: Ball
1-2: Ground out 3-1 (Groundball, 34, EV 90.0 MPH)
Bottom of the 5th over - 0 runs, 0 hits, 1 error, 1 left on base; Aberdeen 2 - Connecticut 0
TOP OF THE 6TH
Aberdeen Ironbirds batting - Pitching for Connecticut Tigers : RHP Rich Nunez
Batting: LHB Tomas de Zeeuw 0-0: Ball
1-0: Ball
2-0: Ground out 4-3 (Groundball, 4S, EV 90.6 MPH)
Batting: RHB Dave Perron 0-0: Foul Ball, location: 2F
0-1: Ground out 6-3 (Groundball, 6, EV 84.4 MPH)
Batting: RHB Daniel Jackson 0-0: Foul Ball, location: 2F
0-1: Foul Ball, location: 2F
0-2: Ball
1-2: Ground out 5-3 (Groundball, 56, EV 104.4 MPH)
Top of the 6th over - 0 runs, 0 hits, 0 errors, 0 left on base; Aberdeen 2 - Connecticut 0
BOTTOM OF THE 6TH
Connecticut Tigers batting - Pitching for Aberdeen Ironbirds : LHP Luis Perez
Batting: RHB Emil Wilbrink 0-0: Swinging Strike
0-1: Called Strike
0-2: Foul Ball, location: 2F
0-2: Strikes out swinging
Batting: RHB Omar del Pino 0-0: Ball
1-0: Called Strike
1-1: Foul Ball, location: 2F
1-2: Ball
2-2: Ball
3-2: Base on Balls
Batting: RHB Tony Soto 0-0: Called Strike
0-1: Swinging Strike
0-2: Fly out, F7 (Flyball, 7D, EV 98.8 MPH)
Batting: RHB Gerald de Vries 0-0: Ball
1-0: Foul Ball, location: 2F
1-1: Swinging Strike
1-2: Strikes out looking
Bottom of the 6th over - 0 runs, 0 hits, 0 errors, 1 left on base; Aberdeen 2 - Connecticut 0
TOP OF THE 7TH
Aberdeen Ironbirds batting - Pitching for Connecticut Tigers : RHP Rich Nunez
Batting: RHB Matt O'Dea 0-0: Fly out, F8 (Line Drive, 8LM, EV 87.5 MPH)
Batting: RHB Danny Baeza 0-0: Ground out 4-3 (Groundball, 4, EV 103.1 MPH)
Batting: RHB Ray Sims 0-0: Ball
1-0: Ball
2-0: Fly out, F9 (Line Drive, 89M, EV 93.1 MPH)
Top of the 7th over - 0 runs, 0 hits, 0 errors, 0 left on base; Aberdeen 2 - Connecticut 0
BOTTOM OF THE 7TH
Connecticut Tigers batting - Pitching for Aberdeen Ironbirds : LHP Luis Perez
Now in RF: Ben Sutton
Batting: LHB Claudio Kamminga 0-0: Ball
1-0: Swinging Strike
1-1: SINGLE (Line Drive, 9S, EV 91.2 MPH)
Batting: RHB Jeremiah Washington 0-0: Called Strike
0-1: Called Strike
0-2: Ball
1-2: Strikes out swinging
Batting: RHB Brandon Everett 0-0: Foul Ball, location: 2F
0-1: Fly out, F7 (Flyball, 7, EV 88.8 MPH)
Batting: RHB Orlando Blanco 0-0: Ball
1-0: Foul Ball, location: 2F
1-1: Ground out 4-3 (Groundball, 4, EV 110.0 MPH)
Bottom of the 7th over - 0 runs, 1 hit, 0 errors, 1 left on base; Aberdeen 2 - Connecticut 0
TOP OF THE 8TH
Aberdeen Ironbirds batting - Pitching for Connecticut Tigers : RHP Rich Nunez
Batting: RHB Tony Godley 0-0: Ball
1-0: Ball
2-0: Foul Ball, location: 2F
2-1: SINGLE (Line Drive, 4D, EV 95.6 MPH)
Batting: RHB Matt Berrier 0-0: Foul Ball, location: 2F
0-1: Bunted foul
0-2: Fly out, F3 (Popup, 23F, EV 47.5 MPH)
Batting: RHB Jeremy Sipe 0-0: Called Strike
Tony Godley is caught stealing 2nd base 2-4
0-1: Ball
1-1: Fly out, F3 (Popup, 34, EV 75.6 MPH)
Top of the 8th over - 0 runs, 1 hit, 0 errors, 0 left on base; Aberdeen 2 - Connecticut 0
BOTTOM OF THE 8TH
Connecticut Tigers batting - Pitching for Aberdeen Ironbirds : LHP Luis Perez
Pitching: RHP Frank Caillouet
Batting: LHB Tokugoro Adachi 0-0: SINGLE (Groundball, 34D, EV 101.2 MPH)
Pinch Hitting: LHB Andy Sanchez 0-0: Swinging Strike
0-1: Ball
1-1: Swinging Strike
1-2: Foul Ball, location: 2F
1-2: Strikes out swinging
Pinch Hitting: LHB Glen Boyle 0-0: Called Strike
0-1: SINGLE (Groundball, 56D, EV 104.4 MPH)
Tokugoro Adachi to second
Batting: RHB Tony Soto 0-0: Foul Ball, location: 2F
0-1: Called Strike
0-2: Strikes out swinging
Batting: RHB Gerald de Vries 0-0: Fly out, F9 (Line Drive, 9, EV 92.5 MPH)
Bottom of the 8th over - 0 runs, 2 hits, 0 errors, 2 left on base; Aberdeen 2 - Connecticut 0
TOP OF THE 9TH
Aberdeen Ironbirds batting - Pitching for Connecticut Tigers : RHP Rich Nunez
Now in LF: Julio Ramos
Now in CF: Gerald de Vries
Now in RF: Andy Sanchez
Batting: LHB Tomas de Zeeuw 0-0: Ball
1-0: Fly out, F8 (Line Drive, 89M, EV 102.5 MPH)
Batting: RHB Dave Perron 0-0: Ball
1-0: Foul Ball, location: 2F
1-1: Ball
2-1: Ball
3-1: Swinging Strike
3-2: Foul Ball, location: 2F
3-2: Strikes out swinging
Batting: RHB Ben Sutton 0-0: Called Strike
0-1: Ball
1-1: Fly out, F6 (Popup, P, EV 70.6 MPH)
Top of the 9th over - 0 runs, 0 hits, 0 errors, 0 left on base; Aberdeen 2 - Connecticut 0
BOTTOM OF THE 9TH
Connecticut Tigers batting - Pitching for Aberdeen Ironbirds : RHP Frank Caillouet
Pitching: RHP Chris Kimura
Batting: LHB Claudio Kamminga 0-0: Ball
1-0: Foul Ball, location: 2F
1-1: Swinging Strike
1-2: Fly out, F7 (Flyball, 78D, EV 96.2 MPH)
Pinch Hitting: LHB Jon Pedlar 0-0: Called Strike
0-1: Called Strike
0-2: Ball
1-2: Foul Ball, location: 2F
1-2: Ball
2-2: Ball
3-2: Foul Ball, location: 2F
3-2: Base on Balls
Batting: LHB Bobby Adams 0-0: Ball
1-0: Grounds into double play, 5-4-3 (Groundball, 15, EV 79.4 MPH)
Bottom of the 9th over - 0 runs, 0 hits, 0 errors, 0 left on base; Aberdeen 2 - Connecticut 0
Tuesday, September 13th , 2022 - OOTP Baseball 23.7 Build 88